 Dungeon Crawl Stone Soup version 0.20-a0-673-g53087c7 (webtiles) character file.

238 RumaTero the Ruffian (level 5, -9/53 HPs)
             Began as a Troll Monk on Feb 18, 2017.
             Mangled by an orc wizard
             ... wielding a +0 mace
              (10 damage)
             ... on level 4 of the Dungeon.
             The game lasted 00:07:14 (2314 turns).

RumaTero the Ruffian (Troll Monk)                   Turns: 2314, Time: 00:07:15

Health: -9/53      AC:  5    Str: 20    XL:     5   Next: 78%
Magic:  4/4        EV: 10    Int:  6    God:
Gold:   258        SH:  0    Dex: 12    Spells: 4/4 levels left

rFire    . . .     SeeInvis .     - Unarmed
rCold    . . .     Gourm    +   a - +0 robe
rNeg     . . .     Faith    .   (no shield)
rPois    .         Spirit   .   (helmet restricted)
rElec    .         Reflect  .   (no cloak)
rCorr    .         Harm     .   (gloves unavailable)
MR       .....                  (boots unavailable)
Stlth    ++........             (no amulet)
Regen    0.6/turn               (no ring)
MPRegen  0.1/turn               (no ring)

@: lethally poisoned (-9 -> -9)
A: unfitting armour, claws 3, fast metabolism 3, gourmand, regeneration 1,
shaggy fur 1, tough skin 2
a: no special abilities


You were on level 4 of the Dungeon.
You were very full.

You visited 1 branch of the dungeon, and saw 4 of its levels.

You collected 258 gold pieces.

Inventory:

Armour
 a - a +0 robe (worn)
 n - a cursed +0 large shield
Jewellery
 m - a cursed amulet of inaccuracy
Wands
 o - a wand of lightning (5/15)
Scrolls
 e - 2 scrolls of fear
 g - 2 scrolls of remove curse
 h - 3 scrolls of identify
 r - a scroll of random uselessness {unknown}
Potions
 c - a potion of berserk rage {unknown}
 f - a potion of heal wounds {unknown}
 i - 2 potions of flight {unknown}
 j - 2 potions of mutation {unknown}
 k - 5 potions of curing
 l - a potion of magic {unknown}
 p - 3 potions of haste
 s - a potion of degeneration {unknown}
Books
 u - a book of Minor Magic

   Spells                             Type                      Level
   a - Magic Dart                     Conjuration                  1
   b - Blink                          Translocation                2
   c - Call Imp                       Summoning                    2
   d - Slow                           Hexes                        2
   e - Conjure Flame                  Conjuration/Fire             3
   f - Mephitic Cloud                 Conjuration/Poison/Air       3
Comestibles
 b - 3 bread rations
 d - 3 royal jellies
 q - 2 fruits
 t - 2 chunks of flesh


   Skills:
 + Level 3.6 Fighting
 - Level 2.4 Dodging
 - Level 1.0 Stealth
 * Level 5.6 Unarmed Combat


You had 4 spell levels left.
You didn't know any spells.

Dungeon Overview and Level Annotations

Branches:
Dungeon (4/15)
 Temple: D:4-7

Altars:
Sif Muna
Yredelemnul
The Shining One


Innate Abilities, Weirdness & Mutations

You are too large for most types of armour.
You have claws for hands.
Your metabolism is lightning-fast.
You like to eat raw meat.
Your natural rate of healing is unusually fast.
You are covered in fur. (AC +1)
You have very tough skin. (AC +2)


Message History

You feel sick. The howler monkey closely misses you.
You bump into the rock wall.
The orc wizard completely misses you. The howler monkey closely misses you.
You miss the orc wizard. The howler monkey hits you.
* * * LOW HITPOINT WARNING * * *
The orc wizard gestures at you while chanting.
The magic dart hits you!
* * * LOW HITPOINT WARNING * * *
You closely miss the howler monkey.
The howler monkey is almost dead.
You feel sick. The howler monkey barely misses you.
The orc wizard hits you with a mace.
* * * LOW HITPOINT WARNING * * *
You bump into the rock wall.
You feel less confused. The howler monkey hits you.
* * * LOW HITPOINT WARNING * * *
You closely miss the orc wizard.
You feel sick. The orc wizard hits you with a mace!
You die...

##.## ... #..# ..$
##.# ...# #.##
...# #..## ......#
#..## #...#
....... #..###...#
....... #......##
..(.... #@.....#
....... ##ho...##
.......###oo###..#
..$........##
##.## ..........##
##.## ..........#
#..## ...<.......#
##..##
........###.#
##..## .......##
#.# ##..##


You could see a howler monkey, an orc wizard and 2 orcs.

Vanquished Creatures
  A scorpion (D:4)
  Terence (D:2)
  A howler monkey zombie (D:3)
  4 gnolls (D:4)
  An adder (D:2)
  A shadow imp (D:3)
  An ooze (D:3)
  2 worms
  4 dart slugs
  2 leopard geckos
  6 orcs (D:3)
  3 giant cockroaches
  5 goblins
  5 hobgoblins
  3 jackals (D:2)
  3 quokkas
  11 bats
  9 frilled lizards
  8 kobolds
  A leopard gecko skeleton (D:4)
  6 rats
78 creatures vanquished.

Notes
Turn   | Place    | Note
-------+----------+-------------------------------------------
     0 | D:1      | RumaTero the Troll Monk began the quest for the Orb.
     0 | D:1      | Reached XP level 1. HP: 22/22 MP: 0/0
   219 | D:1      | Reached XP level 2. HP: 29/29 MP: 1/1
   694 | D:2      | Noticed Terence
   725 | D:2      | Killed Terence
   725 | D:2      | Reached skill level 4 in Unarmed Combat
   725 | D:2      | Reached XP level 3. HP: 31/36 MP: 2/2
   843 | D:2      | Reached XP level 4. HP: 45/45 MP: 3/3
  1451 | D:3      | Found a deep blue altar of Sif Muna.
  1692 | D:3      | Found a glowing golden altar of the Shining One.
  1698 | D:3      | Reached skill level 5 in Unarmed Combat
  1847 | D:3      | Reached XP level 5. HP: 53/53 MP: 4/4
  2009 | D:3      | Found a basalt altar of Yredelemnul.
  2313 | D:4      | HP: 2/53 [howler monkey (5)]
  2314 | D:4      | Mangled by an orc wizard

Vault maps used:
D:1:      dpeg_arrival_radiant
D:2:      first_bread, interstate_on_off, minmay_tiny_reverse_x, uniq_terence
D:3:      minmay_diamond_boxcup, lemuel_coloured_pillars_altar,
          marbit_many_paths, tso_altar
D:4:      uniq_robin

Skill      XL: |  1  2  3  4 |
---------------+-------------+-----
Unarmed Combat | 4 5 |  5.6
Fighting       | 3 |  3.6
Dodging        | |  2.4
Stealth        | |  1.0

Action                   |  1- 3 |  4- 6 || total
-------------------------+-------+-------++-------
Melee: Unarmed           |    75 |   126 ||   201
       Punch             |     1 |     4 ||     5
  Use: Scroll            |       |    10 ||    10
 Stab: Sleeping          |     1 |     3 ||     4
  Eat: Chunk             |     8 |    18 ||    26
Armor: Robe              |    34 |    49 ||    83
Dodge: Dodged            |    42 |    81 ||   123
